General information
- name: 1v1 OBS TM #101
- type: Custom game
- host: ActionJackson2
- saver: TIMG4STRok
map: TwistedMeadows
- players: 12
- length: 21:02
- speed: Fast
- version: 1.24 W3XP
- replay type:

» download(150 KB)
Players
team 1 (winner)
ActionJackson2 (
red | 137 APM | 2887 actions | 21:02)
5 Mountain King
3 Storm Bolt
2 Bash
4 Archmage
2 Blizzard
2 Brilliance Aura
» actions
| Assign group hotkey | 64 | |
| Basic commands | 411 | |
| Build / train | 86 | |
| Enter build submenu | 22 | |
| Enter hero's abilities submenu | 11 | |
| Right click | 787 | |
| Select / deselect | 489 | |
| Select group hotkey | 914 | |
| Use ability | 103 | |
2887 total
» units
| Peasant | 15 | |
| Footman | 7 | |
| Priest | 3 | |
| Sorceress | 6 | |
| Spell Breaker | 6 | |
| Rifleman | 6 | |
43 total
» upgrades
| Defend | 1 | |
| Long Rifles | 1 | |
| Sorceress Training | 1 | |
| Masonry | 2 | |
| Priest Training | 1 | |
| Magic Sentry | 1 | |
| Gunpowder | 1 | |
| Swords | 1 | |
9 total
» buildings
| Altar of Kings | 1 | |
| Barracks | 1 | |
| Farm | 10 | |
| Scout Tower | 1 | |
| Keep | 1 | |
| Arcane Tower | 1 | |
| Arcane Vault | 1 | |
| Blacksmith | 1 | |
| Arcane Sanctum | 2 | |
| Town Hall | 2 | |
| Lumber Mill | 1 | |
22 total
» build order
00:07 Altar of Kings
00:13 Barracks
00:17 Farm
00:44 Farm
01:33 Farm
01:48 Scout Tower
04:05 Keep
05:05 Arcane Tower
05:06 Arcane Vault
05:09 Farm
05:09 Farm
05:12 Blacksmith
06:16 Farm
07:48 Arcane Sanctum
08:30 Arcane Sanctum
09:25 Farm
09:37 Town Hall
09:45 Farm
09:54 Lumber Mill
10:22 Farm
17:58 Farm
19:49 Town Hall
» items
| Boots of Speed | 1 | |
| Potion of Healing | 6 | |
| Scroll of Regeneration | 2 | |
| Potion of Mana | 2 | |
| Lesser Clarity Potion | 1 | |
| Scroll of Healing | 3 | |
| Potion of Lesser Invulnerability | 3 | |
| Scroll of Protection | 1 | |
| Scroll of Town Portal | 2 | |
21 total
team 2 (loser)
TIMG4STRok (
gray | 178 APM | 3737 actions | 21:02)
5 Demon Hunter
3 Mana Burn
2 Evasion
3 Pandaren Brewmaster
2 Breath of Fire
1 Drunken Haze
1 Goblin Alchemist
1 Acid Bomb
» actions
| Assign group hotkey | 33 | |
| Basic commands | 79 | |
| Build / train | 67 | |
| ESC pressed | 2 | |
| Enter build submenu | 16 | |
| Enter hero's abilities submenu | 9 | |
| Give item / drop item | 6 | |
| Right click | 1819 | |
| Select / deselect | 366 | |
| Select group hotkey | 1212 | |
| Use ability | 128 | |
3737 total
» units
| Wisp | 20 | |
| Archer | 5 | |
| Druid of the Claw | 7 | |
| Dryad | 6 | |
38 total
» upgrades
| Druid of the Claw Training | 2 | |
| Abolish Magic | 1 | |
| Well Spring | 1 | |
| Strength of the Wild | 1 | |
5 total
» buildings
| Altar of Elders | 1 | |
| Moon Well | 6 | |
| Ancient of War | 1 | |
| Tree of Ages | 1 | |
| Hunter's Hall | 1 | |
| Ancient of Lore | 3 | |
| Tree of Eternity | 1 | |
| Ancient of Wonders | 1 | |
| Tree of Life | 1 | |
| Ancient Protector | 1 | |
17 total
» build order
00:03 Altar of Elders
00:17 Moon Well
00:40 Ancient of War
01:46 Moon Well
02:33 Moon Well
03:08 Tree of Ages
04:20 Hunter's Hall
05:06 Moon Well
05:28 Moon Well
05:53 Ancient of Lore
06:53 Ancient of Lore
08:01 Tree of Eternity
08:42 Ancient of Wonders
09:53 Moon Well
14:32 Tree of Life
15:07 Ancient Protector
19:44 Ancient of Lore
» items
| Staff of Teleportation | 2 | |
| Boots of Speed | 1 | |
| Staff of Preservation | 1 | |
| Orb of Venom | 1 | |
| Scroll of Town Portal | 2 | |
| Potion of Healing | 2 | |
9 total
observersTRuonG,
DOMINATED,
Hp3z0,
Jedi_Master77,
j-rada,
thetimeisnow3,
AriS.NoReMoRsE,
FOYD_Obs,
G-Code,
BEAR_AND Chat log
(00:35 / All) TIMG4STRok: fact: i havent played elf in like 6 months
(00:36 / All) ActionJackson2: dood I dunno why you like tankin with your war
(00:48 / All) ActionJackson2: dps is so much funs
(00:52 / All) ActionJackson2: arms/fury wassup
(01:27 / All) ActionJackson2: hay I need to do a arena team man
(01:56 / All) ActionJackson2: you have one already?
(01:59 / All) TIMG4STRok: kind of
(02:04 / All) TIMG4STRok: 2s/3s with my brother and cousin
(21:01 / All) TIMG4STRok: gay shit gay lag nice hacks